 Dungeon Crawl Stone Soup version 0.27.0-1-g7a089689b8 (webtiles) character file.

Game seed: 3927972277330317661

504 sakkuzi the Chopper (level 6, 0/57 HPs)
             Began as a Minotaur Berserker on Aug 10, 2021.
             Was a Believer of Trog.
             Slain by an orc warrior (15 damage)
             ... on level 5 of the Dungeon.
             The game lasted 00:12:55 (4711 turns).

sakkuzi the Chopper (Minotaur Berserker)            Turns: 4711, Time: 00:12:56

Health: 0/57       AC:  4    Str: 21    XL:     6   Next: 96%
Magic:  5/5        EV: 13    Int:  4    God:    Trog [**....]
Gold:   201        SH:  0    Dex: 12    Spells: 5/5 levels left

rFire    + . .     SeeInvis .   k - +1 hand axe (freeze) {axe}
rCold    + . .     Faith    +   (no shield)
rNeg     . . .     Spirit   .   z - +1 robe {rF+}
rPois    .         Reflect  .   (helmet restricted)
rElec    .         Harm     .   (no cloak)
rCorr    .         Rampage  .   o - +0 pair of gloves
Will     ++...                  (no boots)
Stlth    +.........             r - amulet of faith {!P}
HPRegen  1.19/turn              y - ring of protection from cold
MPRegen  0.09/turn              (no ring)

@: strong-willed, regenerating
A: horns 2, retaliatory headbutt
a: Renounce Religion, Berserk, Trog's Hand


You were on level 5 of the Dungeon.
You worshipped Trog.
Trog was pleased with you.
You visited 2 branches of the dungeon, and saw 6 of its levels.

You collected 201 gold pieces.


Innate Abilities, Weirdness & Mutations

You have a pair of horns on your head.
You reflexively headbutt those who attack you in melee.


   Skills:
 + Level 5.6 Fighting
 + Level 5.6 Axes
 + Level 5.0 Armour
 + Level 4.4 Dodging


You had 5 spell levels left.
You didn't know any spells.
Your spell library contained the following spells:

 Spells                   Type           Power      Damage    Failure   Level
 Alistair's Intoxication  Tmut/Pois      0%         N/A       100%        5
 Borgnjor's Vile Clutch   Necr/Erth      0%         N/A       100%        5
 Eringya's Noxious Bog    Tmut/Pois      0%         N/A       100%        6
 Chain Lightning          Conj/Air       0%         N/A       100%        9
 Fire Storm               Conj/Fire      0%         5d1       100%        9

Inventory:

Hand Weapons
 a - a +0 hand axe {axe}
 k - a +1 hand axe of freezing (weapon) {axe}
   (You found it on level 1 of the Dungeon)
Missiles
 g - 33 arrows
 i - 168 stones (quivered) {throwing}
 l - 42 bolts
 s - 51 sling bullets
 u - 2 boomerangs {throwing}
 x - 29 poisoned darts {throwing}
Armour
 m - a +0 leather armour
   (You found it on level 2 of the Dungeon)
 o - a +0 pair of gloves (worn)
   (You found it on level 2 of the Dungeon)
 z - a +1 robe of fire resistance (worn)
   (You found it on level 5 of the Dungeon)
Jewellery
 h - a ring of ice
   (You found it on level 1 of the Dungeon)
 r - an amulet of faith (around neck) {!P}
   (You found it on level 3 of the Dungeon)
 y - a ring of protection from cold (left hand)
   (You found it on level 4 of the Dungeon)
Wands
 n - a wand of paralysis (10)
   (You found it on level 2 of the Dungeon)
 v - a wand of polymorph (5)
   (You took it off Robin on level 4 of the Dungeon)
Scrolls
 b - a scroll of teleportation {@r4}
 j - 5 scrolls of identify {@r1}
 t - a scroll of fog {unknown}
 w - a scroll of noise {unknown}
Potions
 c - a potion of degeneration {!q@e2}
 d - a potion of ambrosia {unknown}
 e - 2 potions of lignification {unknown}
 f - 4 potions of curing {unknown}
 p - a potion of cancellation {unknown}
 q - a potion of invisibility {unknown}

Dungeon Overview and Level Annotations

Branches:
Dungeon (5/15)             Temple (1/1) D:4

Altars:
Cheibriados
Dithmenos
Gozag
Hepliaklqana
Makhleb
Nemelex Xobeh
Qazlal
Ru
Trog
Uskayaw
Xom
Yredelemnul

Shops:
D:2 (

Annotations:
D:4 2 transporters, Balder's ghost, amateur DsGl
D:5 1 runed translucent door, indyram44's ghost, novice MiBe

#### ##..# #####...#
####.......#
####....#.##### #
###o@..####.#
...####Zo{#######.#
##...)..####......#
#............#########
..######.............#
##o#####...##### #..#
#.### # ##.## #.# #
#..# #.# #######


You could see an orc warrior, an orc and a bullfrog zombie.


Message History

The water moccasin zombie bites you but does no damage. x2
You hit the water moccasin zombie.
The water moccasin zombie bites you. 😕 HP[-5]
You take 5 damage, and now have 51/56 hp.
You closely miss the water moccasin zombie.
Your headbutt misses the water moccasin zombie.
The water moccasin zombie misses you.
You hit the water moccasin zombie. You headbutt the water moccasin zombie.
The water moccasin zombie bites you! 😕 HP[-7]
You take 7 damage, and now have 44/56 hp.
You hit the water moccasin zombie.
Your headbutt misses the water moccasin zombie.
The water moccasin zombie bites you. x2 😮 HP[-6]
You take 6 damage, and now have 38/56 hp.
You hit the water moccasin zombie.
The water moccasin zombie bites you. 😮 HP[-1]
You take 1 damage, and now have 37/56 hp.
You barely miss the water moccasin zombie.
You headbutt the water moccasin zombie.
The water moccasin zombie bites you! 😮 HP[-7]
You take 7 damage, and now have 30/56 hp.
You barely miss the water moccasin zombie.
Your headbutt misses the water moccasin zombie.
The water moccasin zombie barely misses you.
You furiously retaliate!
You headbutt the water moccasin zombie, but do no damage. 😮 HP[+1]
You closely miss the water moccasin zombie.
The water moccasin zombie barely misses you.
You furiously retaliate!
You headbutt the water moccasin zombie. You hit the water moccasin zombie.
You destroy the water moccasin zombie!
Trog accepts your kill.
Your Armour skill increases to level 5! 😮 HP[+1]
You now have 57 max hp (+1).
A bullfrog zombie comes into view. 😎 HP[+25]
Your hp is fully restored (57).
An orc warrior comes into view. It is wielding a +0 short sword.
The orc warrior shouts!
An orc wizard comes into view. It is wielding a +0 dagger.
An orc comes into view. It is wielding a +0 club.
The orc wizard shouts!
The orc warrior completely misses you. You furiously retaliate!
You headbutt the orc warrior, but do no damage.
You hit the orc warrior but do no damage.
The orc warrior hits you with a +0 short sword! 😕 HP[-12]
You take 12 damage, and now have 45/57 hp.
MASSIVE DAMAGE!! (PAUSE)
The bullfrog zombie hits you but does no damage.
The orc shouts! 😕 HP[+1]
The orc wizard mumbles some strange words.
The orc wizard flickers and vanishes!
Deactivating autopickup; reactivate with Ctrl-A. 😕 HP[+1] 😕 HP[+1]
There is a stone staircase leading down here. 😕 HP[+1]
The orc warrior hits you with a +0 short sword. 😕 HP[-2]
You take 2 damage, and now have 47/57 hp.
You hit the orc warrior. You freeze the orc warrior.
Your headbutt misses the orc warrior. The orc warrior completely misses you.
You hit the orc warrior. You freeze the orc warrior. 😕 HP[+1]
You hit the orc warrior. You freeze the orc warrior.
You closely miss the orc warrior. Your headbutt misses the orc warrior.
You miss something. The orc warrior completely misses you.
Something hits you but does no damage.
You hit the orc warrior but do no damage.
You hit something. You freeze something.
The orc warrior hits you with a +0 short sword.
Something hits you. 😮 HP[-8]
You take 8 damage, and now have 40/57 hp.
You hit the orc warrior. You freeze the orc warrior.
Your headbutt misses the orc warrior. You miss something.
The orc warrior hits you with a +0 short sword!
Something barely misses you. 😮 HP[-11]
You take 11 damage, and now have 29/57 hp.
You barely miss the orc warrior. You miss something.
The orc warrior barely misses you. Something hits you.
* * * LOW HITPOINT WARNING * * *
😨 HP[-2]
You take 2 damage, and now have 27/57 hp.
The orc warrior hits you with a +0 short sword!
* * * LOW HITPOINT WARNING * * *
😱 HP[-13]
You take 13 damage, and now have 14/57 hp.
MASSIVE DAMAGE!! (PAUSE)
Your skin crawls.
You feel strong-willed.
The orc warrior hits you with a +0 short sword!
You die...

Skill      XL: |  1  2  3  4  5  6 |
---------------+-------------------+-----
Fighting       | 4 5 |  5.6
Axes           | 4 5 |  5.6
Armour         | 3 4 5 |  5.0
Dodging        | 3 4 |  4.4

Action                   |  1- 3 |  4- 6 || total
-------------------------+-------+-------++-------
Melee: Hand axe          |    53 |   129 ||   182
       Headbutt          |     4 |    12 ||    16
Invok: Berserk           |       |     1 ||     1
       Trog's Hand       |       |     1 ||     1
  Use: Scroll            |     4 |       ||     4
 Stab: Sleeping          |       |     1 ||     1
Armor: Animal skin       |     6 |       ||     6
       Leather armour    |     7 |    15 ||    22
       Robe              |       |     7 ||     7
Dodge: Dodged            |    31 |    72 ||   103

Levels and vault maps discovered:
D:1:      dpeg_arrival_concentric_ovals, layout_basic,
          dilly_ecumenical_altar_fadedgnrine, grunt_decor_resistance,
          lemuel_old_faithful
D:2:      layout_basic, serial_shops, shop, serial_bayou_crossing
D:3:      kennysheep_the_goblin_king, layout_basic
D:4:      layout_basic, minmay_temple_entry_ruins, gammafunk_ghost_mausoleum,
          serial_glass, glass_columns_b, glass_columns_c, kennysheep_path_1,
          minmay_statues_item, minmay_misc_feat_diagonals, uniq_robin
D:5:      layout_rooms, ebering_ghost_sewer_d
Temple:   nicolae_temple_elliptical

Notes
Turn   | Place    | Note
-------+----------+-------------------------------------------
     0 | D:1      | sakkuzi the Minotaur Berserker began the quest for the Orb.
     0 | D:1      | Reached XP level 1. HP: 19/19 MP: 0/0
     0 | D:1      | magus.rc [v1.9.6]
    46 | D:1      | You add the spells Alistair's Intoxication, Borgnjor's Vile
                  | Clutch and Eringya's Noxious Bog to your library.
   416 | D:1      | Reached XP level 2. HP: 24/27 MP: 1/1
   741 | D:1      | Found a faded altar of an unknown god.
  1055 | D:2      | Found Upoyz's Antique Weapon Shoppe.
  1360 | D:2      | Reached skill level 4 in Fighting
  1360 | D:2      | Reached skill level 4 in Axes
  1434 | D:2      | Reached skill level 3 in Armour
  1434 | D:2      | Reached XP level 3. HP: 29/33 MP: 2/2
  1889 | D:3      | Reached skill level 3 in Dodging
  1889 | D:3      | Reached XP level 4. HP: 33/41 MP: 3/3
  2010 | D:3      | Reached ** piety under Trog
  2562 | D:4      | Found a transporter.
  2562 | D:4      | Noticed Balder's ghost (amateur DsGl)
  2594 | D:4      | Noticed an ogre
  2601 | D:4      | Killed an ogre
  2602 | D:4      | Reached skill level 4 in Armour
  2602 | D:4      | Reached XP level 5. HP: 38/47 MP: 4/4
  2879 | D:4      | Reached skill level 5 in Fighting
  2879 | D:4      | Reached skill level 5 in Axes
  3212 | D:4      | Found a staircase to the Ecumenical Temple.
  3231 | D:4      | Found a transporter.
  3245 | D:4      | Noticed Robin
  3253 | D:4      | Killed Robin
  3254 | D:4      | Reached XP level 6. HP: 56/56 MP: 5/5
  3338 | D:4      | Reached skill level 4 in Dodging
  3360 | D:4      | You pick up a book of Annihilations {forbidden} and begin
                  | reading...
  3360 | D:4      | You add the spells Chain Lightning and Fire Storm to your
                  | library.
  4012 | Temple   | Entered the Ecumenical Temple
  4154 | D:5      | Entered Level 5 of the Dungeon
  4318 | D:5      | Noticed a sky beast
  4337 | D:5      | Killed a sky beast
  4476 | D:5      | Found a runed translucent door.
  4480 | D:5      | Noticed indyram44's ghost (novice MiBe)
  4526 | D:5      | Reached skill level 5 in Armour
  4670 | D:5      | Noticed an orc warrior
  4710 | D:5      | HP: 14/57 [orc warrior (13)]
  4711 | D:5      | Slain by an orc warrior

Vanquished Creatures
  A sky beast (D:5)
  An ogre (D:4)
  A water moccasin zombie (D:5)
  An iguana (D:4)
  2 orc wizards (D:4)
  Robin (D:4)
  8 gnolls
  3 adders
  A dart slug (D:2)
  6 orcs
  6 ball pythons
  3 endoplasms
  A giant cockroach (D:4)
  18 goblins
  4 hobgoblins
  6 jackals
  A quokka (D:4)
  3 bats (D:2)
  A frilled lizard (D:3)
  6 kobolds
  6 rats
80 creatures vanquished.

Table legend:
 A = Non-vault XP
 B = Vault XP
 C = Vault XP percentage of total XP
 D = Non-vault monster count
 E = Vault monster count
 F = Vault count percentage of total count
                 A         B        C        D         E       F
            +---------+---------+-------+---------+---------+-------
      Total |     679 |      42 |   5.8 |      65 |      15 |  18.8
            +---------+---------+-------+---------+---------+-------
        D:1 |      16 |       0 |   0.0 |      10 |       0 |   0.0
        D:2 |      27 |       0 |   0.0 |      11 |       0 |   0.0
        D:3 |      91 |      13 |  12.5 |      18 |       7 |  28.0
        D:4 |     311 |      29 |   8.5 |      21 |       8 |  27.6
        D:5 |     234 |       0 |   0.0 |       5 |       0 |   0.0
            +---------+---------+-------+---------+---------+-------

Illustrated notes

Table legend:
 A = Kills in this place as a percentage of kills in entire the game.
 B = Kills by you in this place as a percentage of kills by you in the entire game.
 C = Kills by friends in this place as a percentage of kills by friends in the entire game.
 D = Other kills in this place as a percentage of other kills in the entire game.
 E = Experience gained in this place as a percentage of experience gained in the entire game.
 F = Experience gained in this place divided by the number of levels of this place that you have seen.
                   A       B       C       D       E      F
               +-------+-------+-------+-------+-------+----------------------
         Total | 100.0 | 100.0 |   N/A |   N/A | 100.0 | 120.2
       Dungeon | 100.0 | 100.0 |   N/A |   N/A | 100.0 | 144.2
               +-------+-------+-------+-------+-------+----------------------

Table legend: (Time is in decaauts)
 A = Elapsed time spent in this place.
 B = Non-inter-level travel time spent in this place.
 C = Inter-level travel time spent in this place.
 D = Time resting spent in this place.
 E = Time spent auto-exploring this place.
 F = Levels seen in this place.
 G = Mean time per level.
                   A        B        C        D        E       F      G
               +--------+--------+--------+--------+--------+-----+--------+
         Total |   4737 |   4631 |    106 |    377 |   3226 |   6 |  789.5 |
       Dungeon |   4618 |   4531 |     87 |    377 |   3226 |   5 |  923.6 |
        Temple |    118 |     99 |     19 |      0 |      0 |   1 |  118.0 |
               +--------+--------+--------+--------+--------+-----+--------+

Top non-repeatable levels by time:
     D:4: 1606 daAuts
     D:1: 1002 daAuts
     D:3: 927 daAuts
     D:5: 557 daAuts
     D:2: 524 daAuts
  Temple: 118 daAuts
